 Dungeon Crawl Stone Soup version 0.23.0 (webtiles) character file.

Game seed: 13329886550578449566

2101 DildoBatman the Stinger (level 9, -10/63 HPs)
             Began as a Formicid Wizard on Feb 13, 2019.
             Was a Believer of Kikubaaqudgha.
             Mangled by a two-headed ogre
             ... wielding a +0 giant spiked club
              (21 damage)
             ... on level 6 of the Dungeon.
             The game lasted 00:29:26 (6997 turns).

DildoBatman the Stinger (Formicid Wizard)           Turns: 6997, Time: 00:29:27

Health: -10/63     AC:  2    Str: 12    XL:     9   Next: 53%
Magic:  5/16       EV: 12    Int: 21    God:    Kikubaaqudgha [**....]
Gold:   359        SH:  0    Dex:  9    Spells: 10/17 levels left

rFire    . . .     SeeInvis +   a - +0 hunting sling
rCold    . . .     Gourm    .   (no shield)
rNeg     . . .     Faith    .   s - +0 robe
rPois    .         Spirit   .   (helmet unavailable)
rElec    .         Reflect  .   (no cloak)
rCorr    .         Harm     .   (no gloves)
MR       .....                  (no boots)
Stlth    +++.......             r - amulet of regeneration
HPRegen  0.60/turn              (no ring)
MPRegen  0.15/turn              (no ring)

@: studying Maces & Flails
A: permanent stasis, dig shafts and tunnels, four strong arms, antennae 3
a: Dig, Shaft Self, Receive Corpses, Renounce Religion


You were on level 6 of the Dungeon.
You worshipped Kikubaaqudgha.
Kikubaaqudgha was pleased with you.
You were near starving.

You visited 2 branches of the dungeon, and saw 7 of its levels.

You collected 359 gold pieces.

Inventory:

Hand Weapons
 a - a +0 hunting sling (weapon)
 b - a +0 quarterstaff
 e - a +0 blowgun
 f - a +0 spear
 N - a +0 whip of venom
Missiles
 d - 4 curare-tipped needles
 i - 29 poisoned needles
 j - 100 arrows
 k - 42 sling bullets
 o - 3 throwing nets
 q - 19 bolts
 D - 211 stones (quivered)
 G - 6 tomahawks
Armour
 s - a +0 robe (worn)
Jewellery
 g - an uncursed amulet of the gourmand
 p - an uncursed ring of ice
 r - an amulet of regeneration (around neck)
Wands
 H - a wand of iceblast (9)
Scrolls
 m - 2 scrolls of fog {unknown}
 t - 4 scrolls of amnesia
 w - a scroll of enchant armour {unknown}
 x - 8 scrolls of remove curse
 y - a scroll of immolation {unknown}
 B - 2 scrolls of blinking {unknown}
 C - 3 scrolls of magic mapping
 I - a scroll of identify
Potions
 c - 2 potions of curing
 h - a potion of resistance
 l - a potion of cancellation {unknown}
 n - 2 potions of agility {unknown}
 u - 2 potions of lignification
 z - a potion of might {unknown}
 A - 4 potions of flight
 E - 2 potions of magic
 F - a potion of berserk rage {unknown}
 J - 2 potions of brilliance {unknown}
 K - a potion of haste {unknown}
 O - a potion of heal wounds {unknown}
Books
 L - a manual of Maces & Flails
Comestibles
 v - 9 rations


   Skills:
 * Level 3.1 Fighting
 * Level 3.1 Armour
 * Level 2.7 Dodging
 * Level 5.8 Stealth
 * Level 4.6 Spellcasting
 * Level 4.4 Conjurations
   Level 1.0 Summonings
   Level 0.8 Translocations
 * Level 3.7 Fire Magic
 * Level 3.6 Air Magic
 * Level 6.7 Poison Magic


You had 10 spell levels left.
You knew the following spells:

 Your Spells              Type           Power        Failure   Level  Hunger
a - Conjure Flame         Conj/Fire      ###.....     6%          3    ##.....
c - Magic Dart            Conj           ###.         1%          1    None
e - Mephitic Cloud        Conj/Pois/Air  ####....     4%          3    ##.....

Your spell library contained the following spells:

 Spells                   Type           Power        Failure   Level  Hunger
 Flame Tongue             Conj/Fire      ###..        1%          1    None
 Throw Flame              Conj/Fire      ###...       3%          2    #......
 Animate Skeleton         Necr           N/A          11%         1    None
 Pain                     Necr           #...         11%         1    None
 Call Imp                 Summ           #.......     11%         2    #......
 Inner Flame              Hex/Fire       ##......     16%         3    ##.....
 Slow                     Hex            #.......     17%         2    #......
 Sublimation of Blood     Necr           #.........   17%         2    #......
 Sticky Flame             Conj/Fire      ###.....     21%         4    ####...
 Vampiric Draining        Necr           #.........   32%         3    ##.....
 Fireball                 Conj/Fire      ###.......   50%         5    ######.
 Blink                    Tloc           Unusable     N/A         2    N/A

Dungeon Overview and Level Annotations

Branches:
Dungeon (6/15)             Temple (1/1) D:4

Altars:
Ashenzari
Cheibriados
Dithmenos
Elyvilon
Fedhas
Hepliaklqana
Kikubaaqudgha
Makhleb
Okawaru
Qazlal
Ru
Sif Muna
Trog
Uskayaw
Vehumet
Xom
Yredelemnul
Zin
The Shining One

Shops:
D:5 [   D:6 [

Annotations:
D:4 2 runed translucent doors, exclusions: angel and profane servitor, Vesto's ghost, amateur DENe
D:6 Edmund


Innate Abilities, Weirdness & Mutations

You cannot be hasted, slowed, berserked, paralysed or teleported.
You can dig through walls and to a lower floor.
Your four strong arms can wield two-handed weapons with a shield.
You have a pair of large antennae on your head. (SInv)


Message History

a cursed -3 flail You see here a +0 trident.
Casting: Mephitic Cloud (safe; 4% risk of failure)
Confirm with . or Enter, or press ? or * to list all spells.
Aiming: Mephitic Cloud (safe; 4% risk of failure)
Press: ? - help, Shift-Dir - straight line, f/p - two-headed ogre
Aim: a two-headed ogre, wielding a +0 giant spiked club and a +0 giant club (severely wounded) That beam is likely to hit you.
Continue anyway?
The ball explodes into a vile cloud!
The stinking cloud engulfs the two-headed ogre but does no damage.
The two-headed ogre is severely wounded.
The stinking cloud engulfs you but does no damage.
You are engulfed in noxious fumes.
The two-headed ogre is engulfed in noxious fumes.
The two-headed ogre appears confused.
The two-headed ogre gestures wildly.
The two-headed ogre hits you with a +0 giant spiked club!!
The two-headed ogre hits you with a +0 giant club!!
You die...
Kikubaaqudgha rasps: "You have failed me!
Welcome... death!"

####################
##....#.......#.....#
......#.......[.....#
###.###.########....#
....###.########)...#
.#..........#...§...#
.#..........#..§O§..#
.#..........#...@...#
.#..........#.......#
.#..........#..[....#
.#############.[##..#
........# ##..#####
........# #.......#
........# #.......#
........# #.......#
........# #.).[)..#


You could see a two-headed ogre (confused).

Vanquished Creatures
  Pikel (D:4)
  Sigmund (D:5)
  A wyvern (D:6)
  Eustachio (D:4)
  An orc warrior (D:6)
  2 sky beasts
  2 slaves (D:4)
  A centaur (D:6)
  An ogre (D:5)
  4 bullfrogs
  A water moccasin skeleton (D:4)
  3 crimson imps
  2 orc priests
  5 orc wizards
  A bullfrog skeleton (D:6)
  3 hounds
  2 iguanas
  4 gnolls
  9 adders
  A shadow imp (D:6)
  An ooze (D:3)
  An adder zombie (D:6)
  2 adder skeletons (D:5)
  3 worms
  2 leopard geckos
  13 orcs
  8 bats
  6 giant cockroaches
  8 goblins
  8 hobgoblins
  11 jackals
  10 kobolds
  3 quokkas
  2 ball pythons (D:2)
  7 frilled lizards
  A jackal skeleton (D:6)
  11 rats
143 creatures vanquished.

Notes
Turn   | Place    | Note
-------+----------+-------------------------------------------
     0 | D:1      | DildoBatman the Formicid Wizard began the quest for the
                  | Orb.
     0 | D:1      | Reached XP level 1. HP: 13/13 MP: 4/4
    47 | D:1      | Reached skill level 1 in Conjurations
   181 | D:1      | Reached XP level 2. HP: 19/19 MP: 1/6
   582 | D:1      | Reached XP level 3. HP: 13/24 MP: 1/7
   589 | D:1      | Learned a level 3 spell: Conjure Flame
   593 | D:1      | Learned a level 3 spell: Mephitic Cloud
  1233 | D:2      | Reached XP level 4. HP: 28/30 MP: 1/8
  1352 | D:2      | Found a hazy altar of Hepliaklqana.
  1933 | D:3      | Reached XP level 5. HP: 28/35 MP: 0/9
  1981 | D:3      | Found a shimmering altar of Xom.
  2150 | D:3      | Found a white marble altar of Elyvilon.
  2196 | D:3      | Found an ancient bone altar of Kikubaaqudgha.
  2206 | D:3      | Became a worshipper of Kikubaaqudgha
  2292 | D:3      | Reached skill level 1 in Poison Magic
  2670 | D:4      | Reached skill level 1 in Fire Magic
  2764 | D:4      | Found a runed translucent door.
  2767 | D:4      | Noticed Vesto's ghost (amateur DENe)
  2782 | D:4      | Found a staircase to the Ecumenical Temple.
  2789 | D:4      | Found a runed translucent door.
  2805 | D:4      | Reached skill level 1 in Air Magic
  2838 | Temple   | Entered the Ecumenical Temple
  3118 | D:4      | Reached skill level 2 in Poison Magic
  3118 | D:4      | Reached XP level 6. HP: 29/41 MP: 0/10
  3139 | D:4      | Noticed a slave
  3139 | D:4      | Noticed a slave
  3139 | D:4      | Noticed a slave
  3141 | D:4      | Noticed Pikel
  3489 | D:4      | Found a glowing golden altar of the Shining One.
  3501 | D:4      | Found a basalt altar of Yredelemnul.
  3505 | D:4      | Noticed an angel
  3513 | D:4      | Noticed a profane servitor
  3687 | D:4      | Found a glowing silver altar of Zin.
  3776 | D:4      | Reached skill level 3 in Poison Magic
  3928 | D:4      | Noticed Eustachio
  3977 | D:4      | Killed Eustachio
  3977 | D:4      | Reached skill level 4 in Poison Magic
  3977 | D:4      | Reached XP level 7. HP: 43/46 MP: 1/11
  4108 | D:4      | Killed Pikel
  4108 | D:4      | Reached skill level 5 in Poison Magic
  4219 | D:5      | Entered Level 5 of the Dungeon
  4328 | D:4      | Reached XP level 8. HP: 53/53 MP: 0/12
  4513 | D:5      | Reached * piety under Kikubaaqudgha
  4513 | D:5      | Identified Kikubaaqudgha's Handbook of Black Magic
                  | (Kikubaaqudgha gifted it to you on level 5 of the Dungeon)
  4513 | D:5      | Received a gift from Kikubaaqudgha
  4648 | D:5      | Reached skill level 1 in Fighting
  4648 | D:5      | Reached skill level 1 in Armour
  4790 | D:5      | Noticed Sigmund
  4887 | D:5      | Killed Sigmund
  4958 | D:5      | Reached skill level 6 in Poison Magic
  5039 | D:5      | Found Uklaerunuk's Antique Armour Boutique.
  5179 | D:5      | Found a blossoming altar of Fedhas.
  5327 | D:6      | Reached skill level 5 in Stealth
  5374 | D:6      | Found Vuboidogu's Antique Armour Shoppe.
  5449 | D:6      | Noticed a two-headed ogre
  5555 | D:6      | Reached XP level 9. HP: 59/61 MP: 9/15
  5560 | D:6      | Noticed Edmund
  5953 | D:6      | Reached ** piety under Kikubaaqudgha
  6493 | D:6      | Found a sacrificial altar of Ru.
  6997 | D:6      | Mangled by a two-headed ogre

Skill      XL: |  1  2  3  4  5  6  7  8  9 |
---------------+----------------------------+-----
Conjurations   | 1 2 3 4 |  4.4
Poison Magic   | 2 4 5 6 |  6.7
Fire Magic     | 1 3 |  3.7
Air Magic      | 1 2 3 |  3.6
Dodging        | 2 |  2.7
Fighting       | 2 3 |  3.1
Armour         | 2 3 |  3.1
Stealth        | 5 |  5.8
Spellcasting   | 4 |  4.6
Summonings     | |  1.0
Translocations | |  0.8

Action                   |  1- 3 |  4- 6 |  7- 9 || total
-------------------------+-------+-------+-------++-------
Melee: Short sword       |    57 |    24 |       ||    81
       Rapier            |       |       |    46 ||    46
       Quarterstaff      |       |       |    16 ||    16
 Fire: Hunting sling     |       |   103 |   191 ||   294
 Cast: Magic Dart        |    71 |    74 |    87 ||   232
       Mephitic Cloud    |       |    10 |    28 ||    38
       Conjure Flame     |       |     5 |    21 ||    26
 Abil: Dig               |     5 |     8 |    16 ||    29
  Use: Scroll            |       |       |     7 ||     7
 Stab: Sleeping          |       |     1 |       ||     1
       Confused          |       |       |     1 ||     1
  Eat: Chunk             |     2 |    10 |     9 ||    21
       Ration            |       |       |     1 ||     1
Armor: Robe              |    26 |    15 |    11 ||    52
Dodge: Dodged            |    46 |    56 |    86 ||   188
